 Dungeon Crawl Stone Soup version 0.31.0-1-g2c135a0 (webtiles) character file.

Game seed: 13317401912452261106

4 bonegar the Sneak (level 1, 0/15 HPs)
             Began as a Naga Enchanter on Feb 14, 2024.
             Slain by a cerulean imp
             ... wielding a +0 spear
             ... summoned by Natasha
              (4 damage)
             ... on level 2 of the Dungeon.
             The game lasted 00:03:49 (150 turns).

bonegar the Sneak (Naga Enchanter)                   Turns: 150, Time: 00:03:49

Health: 0/15       AC:  2    Str: 10    XL:     1   Next: 70%
Magic:  3/3        EV:  9    Int: 15    God:
Gold:   6          SH:  0    Dex: 11    Spells: 4/4 levels left

rFire   . . .        a - +1 dagger
rCold   . . .        (no shield)
rNeg    . . .        b - +0 robe
rPois   +            (no helmet)
rElec   .            (no cloak)
rCorr   .            d - +0 pair of gloves
SInv    +            (no barding)
Will    .....        (no amulet)
Stlth   +++          (no ring)
HPRegen 0.22/turn    (no ring)
MPRegen 0.08/turn

%: no passive effects
@: very slow
A: AC +0, large, see invisible, deformed body, poison resistance, slowness 2,
spit poison 1, naga tail 1
a: Spit Poison


You were on level 2 of the Dungeon.
You visited 1 branch of the dungeon, and saw 2 of its levels.

You collected 6 gold pieces.

Inventory:

Hand Weapons
 a - a +1 dagger (weapon)
Armour
 b - a +0 robe (worn)
 d - a +0 pair of gloves (worn)
Scrolls
 e - 2 scrolls of identify {unknown}
 f - a scroll of enchant weapon {unknown}
Potions
 c - 2 potions of invisibility


   Skills:
 + Level 1.0 Short Blades
 + Level 1.5 Dodging
 + Level 4.6 Stealth
 + Level 2.0 Spellcasting
 + Level 3.2 Hexes


You had 4 spell levels left.
You didn't know any spells.
Your spell library contained the following spells:

 Spells                   Type           Power      Damage    Failure   Level
 Ensorcelled Hibernation  Hex/Ice        12%        N/A       17%         2
 Confusing Touch          Hex            11%        N/A       19%         3
 Tukima's Dance           Hex            11%        N/A       19%         3
 Dazzling Flash           Conj/Hex       12%        N/A       34%         3
 Leda's Liquefaction      Alch/Erth      0%         N/A       91%         4
 Lee's Rapid Deconstruct  Erth           0%         3d4*      99%         5
 Bombard                  Conj/Erth      0%         9d1       100%        6


Dungeon Overview and Level Annotations

Branches:
Dungeon (1/15)

Altars:

Annotations:
D:2 Natasha


Innate Abilities, Weirdness & Mutations

Your serpentine skin is tough. (AC +0)
You have supernaturally acute eyesight. (SInv)
Armour fits poorly on your strangely shaped body.
Your system is resistant to poisons. (rPois)
You cover ground very slowly.
You can spit poison.
You have a snake-like lower body.


Message History

You hit the goblin but do no damage. Your punch misses the goblin.
The goblin closely misses you.
You hit the goblin.
You kill the goblin!
Things that are here:
a +0 club; a goblin corpse You start resting.
HP restored.
A malevolent force fills the Dungeon...
You fall into a shaft and drop 1 floor!
The shaft crumbles and collapses.
As you open the door, it creaks loudly!
There is an open door here.
Found 6 gold pieces.
Found a ring mail.
You now have 6 gold pieces.
As you open the door, it creaks loudly!
You hear a shout!
You hear an angry hiss.
There is an open door here.
A hobgoblin comes into view.
The hobgoblin shouts!
Natasha, Servant of Life and Death comes into view.
Natasha hisses angrily.
The hobgoblin barely misses you.
Natasha moves out of view.
You hit the hobgoblin but do no damage. The hobgoblin barely misses you.
You hit the hobgoblin but do no damage. The hobgoblin barely misses you.
You don't know any spells.
You hit the hobgoblin.
The hobgoblin is severely wounded.
The hobgoblin hits you.
You hit the hobgoblin.
You kill the hobgoblin!
Natasha mumbles some strange words.
You closely miss Natasha. Natasha claws you.
The cerulean imp closely misses you.
You hit Natasha but do no damage. Natasha claws you!
Ouch! That really hurt!
* * * LOW HITPOINT WARNING * * *
The cerulean imp hits you from afar with a +0 spear.
You die...

#.#.# #...#
##..# #..#
#..####
#.....#
#.....####
##....'..##
#....##@.#
#..[.###h#
#....# 5#
#....# .#
#....# ..
#....# .#
..#### .#
.#


You could see Natasha and a cerulean imp (summoned).

Vanquished Creatures
  2 goblins (D:1)
  A hobgoblin (D:2)
  A rat (D:1)
4 creatures vanquished.

Notes
Turn   | Place    | Note
-------+----------+-------------------------------------------
     0 | D:1      | bonegar the Naga Enchanter began the quest for the Orb.
     0 | D:1      | Reached XP level 1. HP: 15/15 MP: 3/3
    80 | D:1      | Found a faded altar of an unknown god.
    80 | D:1      | Noticed a Tzitzimitl
   124 | D:1      | You fall into a shaft and drop 1 floor!
   144 | D:2      | Noticed Natasha
   149 | D:2      | Noticed a cerulean imp
   150 | D:2      | Slain by a cerulean imp

Illustrated notes

Levels and vault maps discovered:
D:1:      nzn_arrival_settlement, layout_loops_corners,
          dreamdust_ecumenical_altar_sealed_demon, serial_shops,
          nicolae_shop_stone, minmay_misc_feat_nine_boxes
D:2:      layout_basic, kennysheep_path_1, uniq_natasha

Action                     || total
---------------------------++-------
  Melee: Dagger            ||    12
   Stab: Sleeping          ||     1
 Armour: Robe              ||     7
  Dodge: Dodged            ||     6
